 Dungeon Crawl Stone Soup version 0.16.1-51-g6203257 (webtiles) character file.

290 teebee the Skirmisher (level 6, 0/57 HPs)
             Began as a Hill Orc Fighter on July 28, 2015.
             Slain by teebee's ghost (5 damage)
             ... on level 4 of the Dungeon.
             The game lasted 00:12:10 (2499 turns).

teebee the Skirmisher (Hill Orc Fighter)            Turns: 2499, Time: 00:12:10

Health: 0/57       AC:  6    Str: 20    XL:     6   Next: 32%
Magic:  6/6        EV:  9    Int:  8    God:
Gold:   211        SH:  0    Dex: 11    Spells: 0 memorised, 5 levels left

rFire  . . .     SeeInvis .     a - +0 long sword
rCold  . . .     Clarity  .     b - +0 scale mail
rNeg   . . .     SustAb   .     (no shield)
rPois  .         Gourm    .     (no helmet)
rElec  .         Spirit   .     (no cloak)
rCorr  .         Warding  .     (no gloves)
rMut   .         Stasis   .     (no boots)
MR     .....                    (no amulet)
Stlth  ..........               (no ring)
                                (no ring)

@: not resistant to hostile enchantments, extremely unstealthy
A: no striking features
a: no special abilities


You were on level 4 of the Dungeon.
You were not hungry.

You visited 1 branch of the dungeon, and saw 4 of its levels.

You collected 211 gold pieces.

Inventory:

Hand weapons
 a - a +0 long sword (weapon)
 t - a +0 shortbow
Missiles
 r - 17 sling bullets
Armour
 b - a +0 scale mail (worn)
 c - a +0 shield
Magical devices
 g - a wand of enslavement (24)
Scrolls
 i - 3 scrolls of identify
 p - a scroll of blinking {unknown}
Potions
 e - a potion of might
 h - a potion of haste
Books
 n - a book of Spatial Translocations

   Spells                             Type                      Level
   a - Apportation                    Translocation                1
   b - Blink                          Translocation                2
   c - Shroud of Golubria             Charms/Translocation         2
   d - Portal Projectile              Translocation                3
   e - Teleport Other                 Translocation                3
   f - Passage of Golubria            Translocation                4
Comestibles
 d - a meat ration
 m - a bread ration
 q - a royal jelly


   Skills:
 * Level 6.1 Fighting
 * Level 5.3 Long Blades
 - Level 3.3 Armour
 + Level 0.1 Stealth
 - Level 3.3 Shields
 + Level 0.2 Evocations


You had 5 spell levels left.
You didn't know any spells.

Dungeon Overview and Level Annotations

Branches:
Dungeon (4/15)
 Temple: D:4-7

Altars:
Trog

Annotations:
D:4 teebee's ghost, average HOFi


Message History

Teebee's ghost barely misses you.
You slash teebee's ghost!
Teebee's ghost is moderately damaged.
Teebee's ghost hits you.
* * * LOW HITPOINT WARNING * * *
You closely miss teebee's ghost.
Teebee's ghost is moderately damaged.
Teebee's ghost closely misses you.
You slash teebee's ghost!
Teebee's ghost is heavily damaged.
Teebee's ghost hits you.
* * * LOW HITPOINT WARNING * * *
You hit teebee's ghost.
Teebee's ghost is heavily damaged.
Teebee's ghost hits you!
* * * LOW HITPOINT WARNING * * *
You barely miss teebee's ghost.
Teebee's ghost is heavily damaged.
Teebee's ghost hits you.
You die...

...,** ##'####### ...,,*
#........#
...,,**#........#
,,.,,,*#........#
*,,,*,*#........# #####
*,,,*,*#........###...#
*,,,#.###'#######'#...#
*,,,#.......###.......#
*,,,#.###.#...'W@.....#
###
*,,,#.###.#.###.......#
#.. ****#.....#,#
#>....### #.#
*,,,##.#..#,* #.....# #..
*,,,*#,...#'**###'#######
### *,,,*,.....,,,*
#.......# #
*,,,*.......,,* #######.#
##### *,,,#........,* #.#
#.... *,,,#.........* #.#
###.###


You could see teebee's ghost.

Vanquished Creatures
  A scorpion (D:4)
  A worker ant (D:4)
  A hound skeleton (D:4)
  6 gnolls (D:3)
  4 adders
  3 worms
  An ooze (D:2)
  5 giant geckos
  8 orcs (D:3)
  4 giant cockroaches
  7 hobgoblins
  5 jackals
  11 kobolds
  A ball python (D:1)
  7 bats
  3 giant newts
  8 goblins
  2 quokkas
  7 rats
85 creatures vanquished.

Notes
Turn   | Place    | Note
--------------------------------------------------------------
     0 | D:1      | teebee, the Hill Orc Fighter, began the quest for the Orb.
     0 | D:1      | Reached XP level 1. HP: 19/19 MP: 1/1
   101 | D:1      | Reached XP level 2. HP: 8/27 MP: 2/2
   129 | D:1      | Reached skill level 4 in Fighting
   655 | D:2      | Reached XP level 3. HP: 29/34 MP: 3/3
   879 | D:2      | Found a bloodstained altar of Trog.
  1151 | D:2      | Reached XP level 4. HP: 29/41 MP: 4/4
  1327 | D:3      | Reached skill level 5 in Fighting
  1544 | D:3      | Reached XP level 5. HP: 38/48 MP: 5/5
  2287 | D:4      | Reached skill level 6 in Fighting
  2287 | D:4      | Reached skill level 5 in Long Blades
  2287 | D:4      | Reached XP level 6. HP: 10/57 MP: 6/6
  2490 | D:4      | Noticed teebee's ghost (average HOFi)
  2499 | D:4      | Slain by teebee's ghost

Action                   |  1- 3 |  4- 6 || total
-------------------------+-------+-------++-------
Melee: Long sword        |   126 |   180 ||   306
Evoke: Wand              |       |     4 ||     4
  Use: Potion            |     3 |     5 ||     8
       Scroll            |       |     3 ||     3
  Eat: Chunk             |     1 |     5 ||     6
       Bread ration      |       |     1 ||     1
